 Dungeon Crawl Stone Soup version 0.29.1 (webtiles) character file.

Game seed: 17628747221939821237

325 qw the Chopper (level 6, -1/38 HPs)
             Began as a Gargoyle Fighter on Sept 13, 2022.
             Was an Initiate of Okawaru.
             Shot with an arrow by a centaur (10 damage)
             ... on level 5 of the Dungeon.
             The game lasted 00:01:25 (3964 turns).

qw the Chopper (Gargoyle Fighter)                   Turns: 3964, Time: 00:01:25

Health: -1/38      AC: 15    Str: 22    XL:     6   Next: 48%
Magic:  6/6        EV:  7    Int:  8    God:    Okawaru [......]
Gold:   166        SH:  4    Dex:  9    Spells: 5/5 levels left

rFire   . . .      SeeInvis .   Y - +2 war axe
rCold   . . .      Faith    .   c - +0 buckler
rNeg    + . .      Spirit   .   a - +0 chain mail
rPois   inf        Reflect  .   (no helmet)
rElec   +          Harm     .   (no cloak)
rCorr   .          Rampage  .   l - +0 pair of gloves
Will    .....                   f - +0 pair of boots
Stlth   ..........              (no amulet)
HPRegen 0.12/turn               (no ring)
MPRegen 0.10/turn               (no ring)

@: about to teleport
A: sickness immunity, AC +4, negative energy resistance 1, electricity
resistance, torment resistance 1, petrification resistance
a: Renounce Religion


You were on level 5 of the Dungeon.
You worshipped Okawaru.
Okawaru was noncommittal.
You visited 2 branches of the dungeon, and saw 6 of its levels.

You collected 166 gold pieces.


Innate Abilities, Weirdness & Mutations

You are immune to sickness and miasma.
Your stone body is resilient. (AC +4)
You are immune to poison.
You resist negative energy. (rN+)
You are resistant to electric shocks. (rElec)
You are resistant to unholy torment.
You are immune to petrification.


   Skills:
 - Level 4.0 Fighting
 - Level 5.6 Axes
 + Level 0.7 Throwing
 - Level 3.2 Armour
 - Level 3.2 Shields


You had 5 spell levels left.
You didn't know any spells.
Your spell library was empty.

Inventory:

Hand Weapons
 m - a +0 flail
 Y - a +2 war axe (weapon)
Missiles
 e - 3 silver boomerangs (quivered)
Armour
 a - a +0 chain mail (worn)
 c - a +0 buckler (worn)
 f - a +0 pair of boots (worn)
 l - a +0 pair of gloves (worn)
Scrolls
 i - a scroll of identify
Potions
 b - a potion of brilliance {unknown}
 d - a potion of might
 h - 3 potions of curing
 j - a potion of lignification {unknown}
 k - a potion of haste {unknown}

Dungeon Overview and Level Annotations

Branches:
Dungeon (5/15)             Temple (1/1) D:4

Altars:
Ashenzari
Cheibriados
Dithmenos
Elyvilon
Gozag
Hepliaklqana
Kikubaaqudgha
Nemelex Xobeh
Okawaru
Qazlal
Sif Muna
Vehumet
Wu Jian
Zin
The Shining One


Message History

You closely miss the ufetubus.
The ufetubus is almost dead.
You closely miss something. You miss something.
The ufetubus hits you but does no damage. x2
You block something's attack. Something hits you.
The ufetubus hits you but does no damage.
The ufetubus barely misses you.
A centaur comes into view.
The centaur shouts!
You slash the ufetubus!
You kill the ufetubus!
Okawaru accepts your kill.
You miss something. x2
The centaur wields a +0 shortbow.
The centaur shoots an arrow.
The arrow hits you! Something hits you but does no damage. Something hits you.
You hit the orc.
The orc is heavily wounded.
You barely miss something. You hit something but do no damage.
The centaur shoots an arrow.
The arrow hits you. Something completely misses you.
Something hits you but does no damage. The orc hits you but does no damage.
The centaur shoots an arrow.
You block the arrow. The orc hits you but does no damage.
You hear some strange, mumbled words.
A puff of flame appears from out of thin air!
The puff of flame hits you but does no damage.
Something hits you but does no damage.
You closely miss the orc.
The orc is heavily wounded.
You barely miss something. You closely miss something.
The centaur shoots an arrow.
The arrow hits you!
The centaur shoots an arrow.
The arrow hits you but does no damage. Something hits you but does no damage.
The orc hits you but does no damage.
You hear some strange, mumbled words.
A magic dart appears from out of thin air!
The magic dart hits you but does no damage.
3964 ||| READING scroll of teleportation.
As you read the scroll of teleportation, it crumbles to dust.
You feel strangely unstable.
The centaur shoots an arrow.
The arrow hits you!
You die...

##'## ##...## ...#
##.....##
...###....c..##
...##....<....#
...#+.........+
...##...).....## #.#
...###.........####.....
...# ##.....##..@{oo....
...# ##...#####{o~~.~~~
...# ##'## #..~.....
.### #.# #..~.#.## .#
#.# ##.~.# .. .####
##.## .~.# .
....####...## .~.#
.##.....<...# .~.#
.##.####...##


You could see a centaur and 3 orcs.

Vanquished Creatures
  A jelly (D:4)
  An orc priest (D:4)
  2 iguanas (D:4)
  An orc wizard (D:4)
  7 gnolls
  4 adders
  An ufetubus (D:5)
  A worm (D:3)
  12 orcs
  6 ball pythons
  2 endoplasms
  3 giant cockroaches
  5 goblins
  3 hobgoblins
  4 jackals (D:5)
  3 kobolds
  3 quokkas
  5 bats
  3 frilled lizards
  2 rats
69 creatures vanquished.

Notes
Turn   | Place    | Note
-------+----------+-------------------------------------------
     0 | D:1      | qw the Gargoyle Fighter began the quest for the Orb.
     0 | D:1      | Reached XP level 1. HP: 14/14 MP: 1/1
     0 | D:1      | 0 ||| qw: Version: 0.1-a-119-g272c26d
     0 | D:1      | 0 ||| qw: Game counter: 11252
     0 | D:1      | 0 ||| qw: Always use a shield: true
     0 | D:1      | 0 ||| qw: God list: Okawaru
     0 | D:1      | 0 ||| qw: Allow faded altars: false
     0 | D:1      | 0 ||| qw: Do Orc after D:15 true
     0 | D:1      | 0 ||| qw: Do second Lair branch before Depths: true
     0 | D:1      | 0 ||| qw: Lair rune preference: random
     0 | D:1      | 0 ||| qw: Plans: Normal, Zot, God:TSO, Crypt, Tomb, Pan,
                  | Slime, Hells, Zig, Abyss, Orb
     0 | D:1      | 0 ||| PLANNING D:1-11
    37 | D:1      | Reached skill level 2 in Axes
   296 | D:1      | Reached XP level 2. HP: 19/19 MP: 2/2
   505 | D:1      | Found a faded altar of an unknown god.
   654 | D:1      | 654 ||| UPGRADING to +0 pair of boots.
   659 | D:1      | 659 ||| READING scroll labelled KIRHAE ITYIT.
   662 | D:1      | 662 ||| READING scroll labelled GADGHA ZIVOOT.
   663 | D:1      | 663 ||| DRINKING 2 lumpy emerald potions.
   690 | D:2      | Found the +8 arc blade {discharge, rElec}
   718 | D:2      | 718 ||| Stepping ~*~*~tactically~*~*~ (stealth).
   785 | D:2      | Found a broken altar of Ashenzari.
   896 | D:2      | 896 ||| Stepping ~*~*~tactically~*~*~ (stealth).
   900 | D:2      | Reached skill level 3 in Axes
  1013 | D:2      | Reached XP level 3. HP: 23/23 MP: 3/3
  1066 | D:2      | 1066 ||| READING scroll labelled TOAT NUCOITZ.
  1067 | D:2      | 1067 ||| READING scroll labelled REOMETI BIZAE.
  1068 | D:2      | 1068 ||| READING scroll labelled TIEJIU ICUCHE.
  1076 | D:3      | 1076 ||| STAIRDANCE
  1083 | D:3      | 1083 ||| STAIRDANCE
  1092 | D:2      | 1092 ||| UPGRADING to +0 chain mail.
  1102 | D:2      | 1102 ||| DROPPING +0 scale mail.
  1109 | D:3      | 1109 ||| Stepping ~*~*~tactically~*~*~ (hiding).
  1110 | D:3      | 1110 ||| Stepping ~*~*~tactically~*~*~ (hiding).
  1118 | D:3      | Reached XP level 4. HP: 28/28 MP: 4/4
  1340 | D:3      | 1340 ||| READING scroll of enchant weapon.
  1340 | D:3      | 1340 ||| ENCHANTING +1 war axe.
  1355 | D:3      | Found an opulent altar of Gozag.
  1378 | D:3      | Found a glowing golden altar of the Shining One.
  1420 | D:3      | Reached skill level 4 in Axes
  1453 | D:3      | Found a shimmering blue altar of Sif Muna.
  1607 | D:3      | Identified the +1 leather armour of the Unseen Realm {SInv
                  | Stlth+}
  1653 | D:3      | 1653 ||| DROPPING +0 club.
  1961 | D:3      | Found a radiant altar of Vehumet.
  2255 | D:3      | 2255 ||| DROPPING +0 whip.
  2572 | D:3      | 2572 ||| UPGRADING to +0 pair of gloves.
  2577 | D:3      | 2577 ||| DROPPING ring of wizardry.
  2578 | D:3      | 2578 ||| READING 3 scrolls labelled MAXIERRIENN.
  2579 | D:3      | 2579 ||| READING 2 scrolls of identify.
  2579 | D:3      | 2579 ||| IDENTIFYING black potion
  2737 | D:4      | Reached XP level 5. HP: 32/32 MP: 5/5
  2755 | D:4      | HP: 7/32 [acid (5)]
  2756 | D:4      | Reached skill level 5 in Axes
  2756 | D:4      | 2756 ||| READING scroll of teleportation.
  2757 | D:4      | 2757 ||| DRINKING potion of heal wounds.
  2898 | D:4      | Found a staircase to the Ecumenical Temple.
  2899 | D:4      | 2899 ||| PLANNING TEMPLE
  2899 | D:4      | 2899 ||| READING scroll labelled TUC QIHOUGI.
  2900 | D:4      | 2900 ||| DRINKING 2 fizzy cyan potions.
  2952 | D:4      | 2952 ||| FLEEEEING.
  2953 | D:4      | 2953 ||| FLEEEEING.
  2954 | D:4      | 2954 ||| FLEEEEING.
  2955 | D:4      | 2955 ||| FLEEEEING.
  2956 | D:4      | 2956 ||| FLEEEEING.
  2957 | D:4      | 2957 ||| FLEEEEING.
  2958 | D:4      | 2958 ||| FLEEEEING.
  2959 | D:4      | 2959 ||| FLEEEEING.
  2960 | D:4      | 2960 ||| FLEEEEING.
  2961 | D:4      | 2961 ||| FLEEEEING.
  2962 | D:4      | 2962 ||| STAIRDANCE
  2970 | D:3      | 2970 ||| DROPPING potion of berserk rage.
  2973 | D:4      | 2973 ||| STAIRDANCE
  3033 | D:3      | 3033 ||| READING 2 scrolls of identify.
  3033 | D:3      | 3033 ||| IDENTIFYING yellow potion
  3034 | D:3      | 3034 ||| DROPPING potion of degeneration.
  3038 | D:4      | 3038 ||| STAIRDANCE
  3044 | D:3      | Reached XP level 6. HP: 38/38 MP: 6/6
  3049 | D:4      | 3049 ||| STAIRDANCE
  3084 | D:4      | 3084 ||| FLEEEEING.
  3085 | D:4      | 3085 ||| FLEEEEING.
  3086 | D:4      | 3086 ||| FLEEEEING.
  3089 | D:4      | 3089 ||| STAIRDANCE
  3093 | D:4      | 3093 ||| STAIRDANCE
  3102 | D:4      | 3102 ||| STAIRDANCE
  3138 | D:4      | 3138 ||| FLEEEEING.
  3139 | D:4      | 3139 ||| FLEEEEING.
  3140 | D:4      | 3140 ||| FLEEEEING.
  3141 | D:4      | 3141 ||| FLEEEEING.
  3142 | D:4      | 3142 ||| FLEEEEING.
  3143 | D:4      | 3143 ||| FLEEEEING.
  3144 | D:4      | 3144 ||| FLEEEEING.
  3198 | Temple   | Entered the Ecumenical Temple
  3341 | Temple   | 3341 ||| PLANNING D:1-11
  3358 | Temple   | Became a worshipper of Warmaster Okawaru
  3429 | D:4      | 3429 ||| Stepping ~*~*~tactically~*~*~ (hiding).
  3802 | D:5      | Entered Level 5 of the Dungeon
  3857 | D:5      | 3857 ||| Stepping ~*~*~tactically~*~*~ (stealth).
  3955 | D:5      | 3955 ||| DRINKING 5 potions of curing.
  3955 | D:5      | 3955 ||| (to cure confusion)
  3959 | D:5      | 3959 ||| DRINKING 4 potions of curing.
  3959 | D:5      | 3959 ||| (to cure confusion)
  3963 | D:5      | HP: 9/38 [centaur/arrow (9)]
  3964 | D:5      | 3964 ||| READING scroll of teleportation.
  3964 | D:5      | Shot with an arrow by a centaur

Levels and vault maps discovered:
D:1:      saegor_arrival_simple_a, layout_rooms,
          shapermc_ecumenical_altar_notcrosses
D:2:      layout_rooms, basic_altar
D:3:      layout_loops_corners, tso_metal_star,
          mainiacjoe_overflow_large_starburst, mainiacjoe_overflow_alcove_4,
          grunt_ministairs_5, minmay_stone_trees_small, corexii_corridor_pit,
          st_stairs_8
D:4:      layout_rooms, temple_pool_b
D:5:      lemuel_castle_with_subvaults [lemuel_castle_interior_original],
          layout_loops_corners, mainiacjoe_overflow_brackets,
          nicolae_shop_gadgets, uniq_crazy_yiuf_cottage
Temple:   hellmonk_temple_flake

Skill      XL: |  1  2  3  4  5 |
---------------+----------------+-----
Axes           | 2 3 4 5 |  5.6
Fighting       | 4 |  4.0
Throwing       | |  0.7
Armour         | |  3.2
Shields        | |  3.2

Action                   |  1- 3 |  4- 6 || total
-------------------------+-------+-------++-------
Melee: War axe           |    73 |   155 ||   228
Throw: Boomerang         |       |     5 ||     5
  Use: Scroll            |     5 |     7 ||    12
       Potion            |     1 |     4 ||     5
Armor: Scale mail        |    31 |       ||    31
       Chain mail        |     4 |   122 ||   126
Dodge: Dodged            |    34 |    55 ||    89
Block: Buckler           |    11 |    31 ||    42

Table legend:
 A = Non-vault XP
 B = Vault XP
 C = Vault XP percentage of total XP
 D = Non-vault monster count
 E = Vault monster count
 F = Vault count percentage of total count
                 A         B        C        D         E       F
            +---------+---------+-------+---------+---------+-------
      Total |     444 |      21 |   4.5 |      59 |      10 |  14.5
            +---------+---------+-------+---------+---------+-------
        D:1 |      18 |       0 |   0.0 |      11 |       0 |   0.0
        D:2 |      28 |       5 |  15.2 |       9 |       2 |  18.2
        D:3 |     110 |       2 |   1.8 |      19 |       2 |   9.5
        D:4 |     275 |       0 |   0.0 |      17 |       0 |   0.0
        D:5 |      13 |      14 |  51.9 |       3 |       6 |  66.7
            +---------+---------+-------+---------+---------+-------
